 Dungeon Crawl Stone Soup version 0.31.0-2-g5a2aebc5c2 (webtiles) character file.

Game seed: 11441709494379283784

3738 tilp the Cleaver (level 9, -4/81 HPs)
             Began as a Minotaur Berserker on Jan 20, 2024.
             Was an Elder of Trog.
             Splashed by a jelly's acid (5 damage)
             ... on level 8 of the Dungeon.
             The game lasted 00:08:47 (6983 turns).

tilp the Cleaver (Minotaur Berserker)               Turns: 6983, Time: 00:08:48

Health: -4/81      AC: 11    Str: 27    XL:     9   Next: 93%
Magic:  8/8        EV:  8    Int:  4    God:    Trog [****..]
Gold:   428        SH:  0    Dex:  9    Spells: 8/8 levels left

rFire   + . .        a - +0 war axe (elec)
rCold   . . .        (no shield)
rNeg    . . .        c - +0 plate armour
rPois   .            (helmet restricted)
rElec   .            d - +0 cloak
rCorr   .            q - +0 pair of gloves
SInv    .            n - +1 pair of boots
Will    ++...        (no amulet) Stlth
                     e - ring of protection from fire
HPRegen 1.33/turn    (no ring)
MPRegen 0.11/turn

%: no passive effects
@: strong-willed, corroded, on berserk cooldown, regenerating, slowed, very slow
A: horns 2, retaliatory headbutt
a: Renounce Religion, Berserk, Trog's Hand, Brothers in Arms


You were on level 8 of the Dungeon.
You worshipped Trog.
Trog was greatly pleased with you.
You visited 1 branch of the dungeon, and saw 8 of its levels.

You collected 428 gold pieces.

Inventory:

Hand Weapons
 a - a +0 war axe of electrocution (weapon)
 b - a +1 hand axe of flaming
Missiles
 j - 32 poisoned darts (quivered)
 o - a throwing net
 z - 2 atropa-tipped darts
 A - 4 boomerangs
Armour
 c - a +0 plate armour (worn)
 d - a +0 cloak (worn)
 n - a +1 pair of boots (worn)
 q - a +0 pair of gloves (worn)
Jewellery
 e - a ring of protection from fire (left hand)
Talismans
 m - a serpent talisman
 t - a beast talisman
Wands
 s - a wand of polymorph (5)
 y - a wand of charming (9)
Scrolls
 h - 2 scrolls of teleportation
 i - a scroll of silence
 u - 2 scrolls of identify
 v - a scroll of enchant weapon
 x - a scroll of torment
Potions
 f - a potion of mutation
 g - a potion of attraction
 k - 4 potions of curing
 l - a potion of enlightenment
 p - a potion of lignification
 r - a potion of might
 w - a potion of invisibility


   Skills:
 - Level 8.0 Fighting
 * Level 13.6 Axes
 - Level 2.4 Armour
 - Level 6.0 Dodging
 - Level 2.0 Stealth
 + Level 2.9 Evocations


You had 8 spell levels left.
You didn't know any spells.
Your spell library was empty.

Dungeon Overview and Level Annotations

Branches:
Dungeon (8/15)             Temple (0/1) D:4
   Lair: D:8-11

Altars:
Dithmenos
Kikubaaqudgha
Nemelex Xobeh
Qazlal
Trog
Uskayaw
Vehumet

Annotations:
D:8 Amaemon


Innate Abilities, Weirdness & Mutations

You have a pair of horns on your head.
You reflexively headbutt those who attack you in melee.


Message History

* * * LOW HITPOINT WARNING * * *
The wraith drains your vigour!
You feel as though you will be slow longer.
You hit the wraith but do no damage. Your headbutt misses the wraith.
The wraith is almost destroyed.
A jelly comes into view.
The wraith hits you but does no damage. x2
The jelly quivers.
You hit the wraith.
The wraith is almost destroyed.
The wraith hits you!
* * * LOW HITPOINT WARNING * * *
Unknown command.
You hit the wraith but do no damage.
The wraith is almost destroyed.
Your attacks no longer feel as feeble.
The wraith hits you but does no damage.
Unknown command.
You fail to use your ability.
The wraith closely misses you. You furiously retaliate!
You headbutt the wraith. The wraith barely misses you. You furiously retaliate!
You headbutt the wraith!
You destroy the wraith!
Trog accepts your kill.
Unknown command.
You fail to use your ability.
Unknown command.
You slash the jelly! The acid corrodes you!
Your hands burn!
* * * LOW HITPOINT WARNING * * *
The jelly is almost dead.
The jelly hits you.
* * * LOW HITPOINT WARNING * * *
You are splashed with acid!
* * * LOW HITPOINT WARNING * * *
The jelly hits you.
* * * LOW HITPOINT WARNING * * *
You are splashed with acid!
* * * LOW HITPOINT WARNING * * *
Unknown command.
You hit the jelly but do no damage.
Your hands burn!
You die...

.#...........
............ #
#...........
+.#.........#
#...........#
#...........##
#.....J.......
#.....@.......
#.........#...
#....##>.##
#.#.. #..# +
## .... .....
.#..# .#...


You could see a jelly.

Vanquished Creatures
  Pikel (D:6)
  A wraith (D:8)
  3 water moccasins (D:7)
  An orc warrior (D:7)
  2 black bears
  3 ogres
  3 ice beasts
  3 lemures (D:6)
  A phantom (D:5)
  A kobold brigand (D:7)
  A bullfrog (D:8)
  3 scorpions
  3 wights (D:6)
  10 killer bees
  2 jellies (D:4)
  A howler monkey (D:8)
  2 orc priests
  4 bombardier beetles
  3 hounds
  Crazy Yiuf (D:6)
  Jessica (D:3)
  4 sleepcaps
  Ijyb (D:4)
  Natasha (thrice) (D:2)
  3 iguanas
  An orc wizard (D:3)
  Robin (D:3)
  7 gnolls
  10 adders
  A shadow imp (D:6)
  3 white imps
  A dart slug (D:2)
  2 ribbon worms (D:2)
  15 orcs
  6 bats
  8 endoplasms
  3 giant cockroaches
  11 goblins
  14 hobgoblins
  7 jackals
  4 quokkas
  6 ball pythons
  6 frilled lizards
  13 kobolds
  4 rats
184 creatures vanquished.

Notes
Turn   | Place    | Note
-------+----------+-------------------------------------------
     0 | D:1      | tilp the Minotaur Berserker began the quest for the Orb.
     0 | D:1      | Reached XP level 1. HP: 19/19 MP: 0/0
    80 | D:1      | Reached XP level 2. HP: 27/27 MP: 1/1
   127 | D:1      | Reached skill level 4 in Axes
   612 | D:2      | Noticed Natasha
   618 | D:2      | Reached XP level 3. HP: 33/33 MP: 2/2
   619 | D:2      | Killed Natasha
   620 | D:2      | Reached skill level 1 in Stealth
   622 | D:2      | Reached XP level 4. HP: 40/40 MP: 3/3
   631 | D:2      | Reached ** piety under Trog
   645 | D:2      | Noticed Natasha
   652 | D:2      | Killed Natasha
   661 | D:2      | You fall into a shaft and drop 1 floor!
   779 | D:2      | Noticed Natasha
   785 | D:2      | Killed Natasha
   786 | D:2      | Reached skill level 5 in Axes
   842 | D:2      | Reached XP level 5. HP: 45/47 MP: 4/4
  1799 | D:3      | Noticed Jessica
  1808 | D:3      | Killed Jessica
  1908 | D:3      | Reached XP level 6. HP: 55/55 MP: 5/5
  1914 | D:3      | Reached skill level 6 in Axes
  1993 | D:3      | Found a shadowy altar of Dithmenos.
  2007 | D:3      | Reached skill level 5 in Fighting
  2048 | D:3      | Found a radiant altar of Vehumet.
  2191 | D:3      | Noticed Robin
  2198 | D:3      | Reached *** piety under Trog
  2204 | D:3      | Killed Robin
  2567 | D:4      | Found a staircase to the Ecumenical Temple.
  2580 | D:4      | Reached XP level 7. HP: 61/61 MP: 6/6
  2590 | D:4      | Reached skill level 7 in Axes
  2813 | D:4      | Found a sparkling altar of Nemelex Xobeh.
  3083 | D:4      | Noticed Ijyb
  3120 | D:4      | Killed Ijyb
  3523 | D:5      | Entered Level 5 of the Dungeon
  3681 | D:5      | Reached skill level 8 in Axes
  3681 | D:5      | Reached skill level 5 in Dodging
  3823 | D:5      | Found an ancient bone altar of Kikubaaqudgha.
  3828 | D:5      | Found a hide-covered altar of Uskayaw.
  3847 | D:5      | Reached XP level 8. HP: 11/71 MP: 7/7
  4162 | D:5      | Reached skill level 9 in Axes
  4216 | D:5      | Identified the +0 quarterstaff of Past Mistakes {flame, rC+
                  | rN+ Will- Int+5 Dex-2}
  4398 | D:5      | Found a stormy altar of Qazlal.
  4399 | D:5      | Found a bloodstained altar of Trog.
  4681 | D:6      | Reached skill level 10 in Axes
  4902 | D:6      | Noticed Pikel
  4911 | D:6      | Killed Pikel
  4912 | D:6      | Reached skill level 11 in Axes
  4912 | D:6      | Reached XP level 9. HP: 81/81 MP: 8/8
  5137 | D:6      | Found a runed translucent door.
  5138 | D:6      | Noticed Crazy Yiuf
  5606 | D:6      | Reached skill level 12 in Axes
  5652 | D:6      | Killed Crazy Yiuf
  6475 | D:7      | Reached skill level 1 in Evocations
  6737 | D:7      | Reached **** piety under Trog
  6772 | D:7      | Reached skill level 13 in Axes
  6954 | D:8      | Noticed Amaemon
  6959 | D:8      | Noticed an orange demon
  6969 | D:8      | HP: 2/81 [orc/+0 trident (6)]
  6982 | D:8      | HP: 1/81 [acid (10)]
  6983 | D:8      | Splashed by a jelly's acid

Illustrated notes

Levels and vault maps discovered:
D:1:      dpeg_arrival_tiny_a, layout_loops_ring, minmay_octomino_e4
D:2:      cheibrodos_old_hovel, layout_loops_ring, uniq_natasha
D:3:      layout_basic, mainiacjoe_overflow_big_doors, corexii_leaking_fountain,
          chequers_garden, minmay_misc_feat_five, minmay_liquid_box,
          eino_tiny_chamber, uniq_jessica, uniq_robin
D:4:      layout_basic, nemelex_dance_club_becter,
          minmay_temple_entry_sparse_star, uniq_ijyb
D:5:      layout_loops_ring, nicolae_overflow_hidden_temple
D:6:      layout_layer_cave, uniq_crazy_yiuf_cottage, uniq_pikel
D:7:      layout_loops_corners
D:8:      layout_cave_pools, lair_entry_dummy, serial_bayou,
          serial_bayou_shore_b, serial_bayou_pond_e, serial_bayou_crossing,
          serial_bayou_shore_b, minmay_quadrilaterals, uniq_grum, uniq_amaemon

Skill      XL: |  1  2  3  4  5  6  7  8  9 |
---------------+----------------------------+-----
Axes           | 4 5 6 8 11 13 | 13.6
Fighting       | 4 5 6 8 |  8.0
Stealth        | 1 2 |  2.0
Dodging        | 3 4 5 6 |  6.0
Evocations     | 2 |  2.9
Armour         | |  2.4

Action                     |  1- 3 |  4- 6 |  7- 9 || total
---------------------------+-------+-------+-------++-------
  Melee: Hand axe          |    51 |   128 |   224 ||   403
         Headbutt          |     9 |    20 |    55 ||    84
         Punch             |       |     2 |     5 ||     7
         Unarmed           |       |       |    22 ||    22
         War axe           |       |       |    37 ||    37
 Invoke: Berserk           |     1 |     2 |     7 ||    10
         Trog's Hand       |       |       |     2 ||     2
    Use: Scroll            |       |    15 |     7 ||    22
         Potion            |       |       |     4 ||     4
 Armour: Animal skin       |     4 |       |       ||     4
         Plate armour      |    35 |   105 |   233 ||   373
         Skin              |       |       |     7 ||     7
  Dodge: Dodged            |    21 |    49 |   120 ||   190
